Map: Rifts to Korhal

Players

NamroodTuo

  • Race: Zerg Zerg

Marickelos

  • Race: Protoss Protoss
  • Spawn Location: 7:00

VOD

Have the link to the VOD?

Description

Time

  • Played on: April 3, 2023, 9:33 a.m.
  • Length: 25:59
Show
View Real Time Build Order
Export as new Build Order

NamroodTuo Zerg 

Build Orders:  

Get SALT Encoding   

  12  0:20  Infested Barracks  
  12  0:26  Infested SCV  
  13  0:40  Overlord  
  13  0:47  Infested SCV  
  14  0:53  Infested SCV  
  15  1:09  Infested SCV  
  16  1:12  Infested SCV  
  17  1:28  Infestation Level 1  
  17  1:33  Infested SCV  
  18  1:49  Infested SCV  
  19  1:51  Infested SCV  
  20  2:01  Infested Engineering Bay, Infested SCV  
  21  2:10  Overlord  
  21  2:34  Infested Marine x2  
  21  2:35  Infested Marine x2  
  25  2:53  Infested Refinery  
  25  2:55  Infested SCV  
  25  2:56  Infested SCV  
  25  2:59  Infested SCV  
  28  3:01  Infested Refinery  
  28  3:14  Overlord  
  28  3:33  Overlord  
  28  3:59  Infested Bunker  
  32  4:14  Infestation Level 2  
  32  4:27  Infested Barracks Tech Lab  
  28  5:15  Retinal Augmentation  
  28  5:23  Infested Marine x2  
  28  5:24  Infested Marine x3  
  33  5:33  Infested Bunker  
  35  6:10  Infested SCV x4  
  35  6:11  Infested SCV  
  35  6:14  Anaerobic Enhancement  
  35  6:15  Plagued Munitions  
  38  6:33  Infested Command Center  
  38  6:38  Overlord  
  38  6:42  Regenerative Plating  
  37  7:22  Infested Factory  
  41  7:42  Stukov Infantry Weapons Level 1  
  41  7:45  Infested Bunker  
  41  7:49  Infested SCV x2  
  43  7:50  Infested SCV  
  44  8:28  Infested Barracks  
  44  8:38  Infested SCV  
  44  8:39  Infested SCV x3  
  48  9:19  Infested SCV x3  
  51  9:38  Infested Bunker  
  55  9:40  Infested Refinery  
  55  9:45  Infested SCV  
  55  9:47  Infested Refinery  
  56  9:58  Overseer  
  56  9:59  Overseer x3  
  56  10:09  Infested Factory Tech Lab  
  56  10:18  Broodling Gestation  
  56  10:20  Infested Armory  
  56  10:22  Stukov Infantry Armor Level 1  
  56  10:31  Overlord x3  
  56  10:46  Infested SCV x4  
  60  10:55  Infested SCV  
  60  10:59  Infested SCV  
  62  11:00  Infested SCV x2  
  62  11:03  Infested SCV  
  65  11:36  Infested Bunker  
  65  11:37  Infested Barracks Tech Lab  
  69  11:52  Infested Marine  
  69  11:53  Infested Marine x20  
  68  12:44  Infested Marine  
  68  12:45  Infested Marine x10  
  68  12:46  Infested Marine x6  
  79  13:08  Infested Bunker  
  83  13:11  Infested Missile Turret  
  83  13:15  Infested Bunker  
  87  13:39  Infested Missile Turret  
  87  13:46  Infested Marine  
  87  13:47  Infested Marine x6  
  94  13:55  Overlord  
  94  13:56  Overlord x4  
  94  13:57  Overlord x2  
  94  14:02  Infested Missile Turret  
  81  14:42  Infested Bunker  
  85  14:51  Infested Bunker  
  85  14:58  Infested SCV x2  
  87  15:10  Infested SCV  
  87  15:11  Infested SCV  
  87  15:13  Aggressive Incubation  
  89  15:30  Infested Missile Turret  
  89  15:39  Infested Missile Turret  
  86  15:57  Infested Bunker  
  86  16:17  Infested Bunker  
  94  16:32  Infested Bunker  
  94  16:35  Infested SCV  
  94  16:36  Infested SCV  
  94  16:39  Infested SCV  
  97  17:21  Infested Missile Turret  
  97  17:32  Infested Marine x8  
  97  17:33  Infested Marine x20  
  97  17:34  Infested Marine x12  
  133  18:48  Infested Bunker  
  143  19:01  Infested Bunker  
  142  19:18  Infested Bunker  
  121  19:40  Infested Bunker  
  121  19:50  Infested Bunker  
  121  20:06  Infested Bunker  
  121  20:25  Infested Marine x4  
  121  20:26  Infested Marine x18  
  121  20:27  Infested Marine x7  
  121  20:28  Infested Missile Turret  
  150  20:38  Infested Missile Turret  
  150  20:48  Overlord  
  150  20:49  Overlord x4  
  150  21:11  Overlord x2  
  150  21:12  Overlord x4  
  141  21:30  Stukov Infantry Armor Level 2  
  135  21:52  Infested Marine  
  135  21:53  Infested Marine x21  
  135  21:54  Infested Marine x9  
  152  22:41  Infested Colonist Compound  
  152  22:58  Infested Barracks  
  152  23:05  Infested Marine  
  152  23:06  Infested Barracks, Infested Marine x17  
  152  23:07  Infested Marine x10  
  152  23:08  Infested Marine x5  
  147  24:00  Infested Marine  
  147  24:01  Infested Marine x21  
  147  24:02  Infested Marine x2  
Show
View Real Time Build Order
Export as new Build Order

Marickelos Protoss 

Build Orders:  

Get SALT Encoding   

  12  0:06  Probe (Chrono Boost)  
  13  0:23  Probe (Chrono Boost)  
  14  0:36  Pylon  
  15  0:40  Probe (Chrono Boost)  
  15  0:42  Assimilator  
  15  0:49  Assimilator  
  15  0:57  Probe (Chrono Boost)  
  16  1:14  Probe (Chrono Boost)  
  18  1:31  Probe (Chrono Boost)  
  18  1:42  Gateway  
  18  1:49  Gateway  
  18  1:56  Probe (Chrono Boost)  
  19  2:13  Probe (Chrono Boost)  
  21  2:30  Probe (Chrono Boost)  
  21  2:47  Probe (Chrono Boost)  
  22  2:56  Cybernetics Core  
  22  3:04  Probe (Chrono Boost)  
  22  3:07  Gateway  
  23  3:12  Solar Efficiency Level 1  
  23  3:28  Pylon  
  24  3:32  Probe (Chrono Boost)  
  24  3:49  Probe (Chrono Boost)  
  25  3:58  Warp Gate  
  25  4:02  Forge  
  25  4:06  Probe (Chrono Boost)  
  26  4:17  Twilight Council  
  26  4:23  Probe (Chrono Boost)  
  28  4:40  Probe (Chrono Boost)  
  28  4:42  Advanced Repair Systems  
  28  4:47  Pylon  
  28  5:06  Protoss Shields Level 1  
  28  6:12  Nexus, Unknown, Solar Efficiency Level 2  
  28  6:44  Sentinel  
  28  6:45  Sentinel  
  28  6:46  Energizer  
  34  6:59  Gateway  
  34  7:02  Gateway  
  34  7:05  Gateway  
  34  7:07  Gateway  
  34  7:30  Reclamation  
  34  7:47  Assimilator  
  34  7:57  Probe (Chrono Boost)  
  35  8:14  Probe (Chrono Boost)  
  35  8:17  Probe (Chrono Boost)  
  38  8:31  Probe (Chrono Boost)  
  38  8:34  Probe (Chrono Boost)  
  39  8:47  Probe (Chrono Boost)  
  41  8:51  Probe (Chrono Boost)  
  41  9:04  Probe (Chrono Boost)  
  42  9:22  Assimilator  
  43  9:30  Rapid Recharging, Probe (Chrono Boost)  
  43  9:39  Robotics Facility x2  
  43  9:43  Stargate  
  43  9:46  Stargate  
  43  9:47  Probe (Chrono Boost)  
  44  10:04  Probe (Chrono Boost)  
  46  10:21  Probe (Chrono Boost)  
  46  10:34  Probe (Chrono Boost)  
  46  10:37  Protoss Air Weapons Level 1  
  46  10:38  Probe (Chrono Boost)  
  48  10:40  Protoss Ground Weapons Level 1  
  49  10:51  Probe (Chrono Boost)  
  49  10:53  Sentinel x2  
  49  10:55  Probe (Chrono Boost)  
  49  10:59  Reconstruction  
  54  11:04  Pylon  
  54  11:05  Phase Detonation  
  54  11:06  Pylon  
  54  11:07  Probe (Chrono Boost)  
  56  11:11  Probe (Chrono Boost), Pylon  
  56  11:28  Probe (Chrono Boost)  
  55  12:09  Observer x2  
  57  12:29  Charge  
  58  12:31  Probe (Chrono Boost)  
  58  12:39  Immortal  
  62  12:42  Robotics Bay  
  62  12:44  Fleet Beacon  
  62  12:54  Sentinel  
  62  12:57  Sentinel  
  62  13:05  Energizer  
  62  13:07  Sentinel x3  
  62  13:08  Sentinel x3  
  76  13:16  Energizer  
  76  13:17  Protoss Air Armor Level 1  
  76  13:20  Protoss Ground Armor Level 1  
  76  13:33  Energizer  
  74  13:56  Sentinel  
  74  14:22  Solar Efficiency Level 3  
  74  14:30  Energizer  
  74  14:39  Energizer  
  76  14:40  Energizer  
  78  14:51  Pylon  
  78  14:52  Pylon  
  78  14:59  Observer  
  79  15:18  Observer  
  80  15:29  Observer  
  81  15:35  Carrier  
  87  15:57  Pylon, Energizer  
  87  15:59  Pylon  
  87  16:00  Protoss Shields Level 2  
  87  16:01  Pylon  
  87  16:04  Pylon  
  87  16:05  Pylon  
  87  16:06  Protoss Air Weapons Level 2  
  87  16:07  Pylon  
  87  16:12  Pylon  
  87  16:14  Pylon  
  87  16:16  Pylon  
  87  16:21  Sentinel  
  87  16:22  Sentinel x4  
  87  16:23  Sentinel x2  
  101  16:34  Sentinel  
  101  17:00  Sentinel  
  101  17:17  Sentinel x3  
  101  17:18  Sentinel x3  
  101  17:19  Sentinel  
  115  17:22  Solar Flare  
  115  17:29  Energizer  
  115  17:40  Sentinel  
  115  17:46  Sentinel  
  115  17:52  Sentinel  
  115  17:54  Sentinel  
  115  17:56  Immortal  
  115  17:57  Immortal  
  125  18:00  Sentinel  
  125  18:12  Sentinel  
  125  18:13  Sentinel  
  125  18:15  Sentinel x2  
  125  18:17  Sentinel  
  125  18:19  Sentinel x2  
  126  18:20  Sentinel x3  
  126  18:21  Sentinel x3  
  126  18:22  Sentinel  
  134  18:37  Pylon  
  134  18:39  Pylon  
  132  18:43  Pylon  
  132  18:45  Pylon  
  132  18:49  Pylon  
  132  18:51  Pylon  
  132  18:52  Pylon  
  132  18:55  Pylon  
  128  19:03  Carrier  
  128  19:04  Mirage  
  134  19:10  Protoss Ground Weapons Level 2  
  134  19:16  Protoss Air Armor Level 2  
  134  19:18  Sentinel  
  134  19:19  Sentinel x3  
  142  19:31  Observer  
  143  20:07  Shadow Cannon  
  143  20:52  Energizer  
  137  21:56  Immortal  
  141  22:00  Sentinel  
  141  22:05  Sentinel  
  141  22:06  Sentinel  
  141  22:07  Fire Beam  
  141  22:08  Sentinel  
  141  22:09  Sentinel  
  141  22:11  Sentinel  
  141  22:17  Sentinel  
  135  22:20  Sentinel x2, Protoss Ground Armor Level 2  
  139  22:21  Sentinel x2  
  139  22:23  Sentinel  
  139  22:24  Sentinel x2  
  139  22:25  Sentinel  
  139  22:26  Sentinel x2  
  139  22:27  Sentinel  
  139  22:28  Sentinel  
  139  22:30  Sentinel  
  139  22:34  Sentinel x2  
  139  22:35  Sentinel  
  139  22:36  Sentinel x2  
  139  22:38  Sentinel  
  139  22:39  Sentinel x2  
  139  22:41  Sentinel x2  
  139  22:42  Sentinel x2  
  139  22:45  Sentinel  
  139  22:46  Sentinel  
  139  22:47  Sentinel  
  139  22:48  Sentinel x3  
  139  22:49  Sentinel x3  
  153  22:53  Sentinel  
  151  23:04  Immortal  
  145  23:12  Sentinel  
  107  23:37  Sentinel  
  107  23:38  Sentinel x4  
  107  23:39  Sentinel x2  
  113  23:44  Unknown, Repair Drones  
  113  23:48  Observer  
  114  24:07  Extended Thermal Lance  
  114  24:15  Sentinel  
  114  24:18  Sentinel x2, Observer  
  114  24:19  Sentinel x3, Immortal  
  131  24:20  Sentinel x2  
  131  24:21  Sentinel  
  131  24:23  Sentinel  
  131  24:24  Sentinel  
  131  24:28  Sentinel  
  135  24:30  Sentinel  
  135  24:38  Sentinel  
  131  24:40  Sentinel  
  131  24:48  Immortal  
Tags
 
Commander
KaraxStukov
Matchup
Co-op
Replay Pack
Multiplayer
Add a new tag
Caveats
  • Supply blocks, unpowered buildings, or Contaminate may cause inaccurate times.
  • Supply counts are checked every 10 seconds.